 Dungeon Crawl Stone Soup version 0.20-a0-772-g73021bd (webtiles) character file.

2503 Minion the Grappler (level 9, -6/74 (75) HPs)
             Began as a Ghoul Gladiator on Feb 27, 2017.
             Was a Follower of Makhleb.
             Mangled by an orc warrior
             ... wielding a +0 war axe
              (10 damage)
             ... on level 8 of the Dungeon.
             The game lasted 00:18:27 (7697 turns).

Minion the Grappler (Ghoul Gladiator)               Turns: 7697, Time: 00:18:27

HP:   -6/74 (75)    AC: 15    Str: 18    XL:     9   Next: 53%
MP:   8/8           EV: 14    Int:  3    God:    Makhleb [*.....]
Gold: 383           SH:  0    Dex: 13    Spells: 8/8 levels left

rFire    + . .     SeeInvis .     - Unarmed
rCold    + . .     Gourm    .   r - +0 ring mail
rNeg     + + +     Faith    .   (no shield)
rPois    ∞         Spirit   .   x - +0 helmet
rElec    .         Reflect  .   y - +2 cloak
rCorr    .         Harm     .   a - +0 pair of gloves
MR       .....                  (no boots)
Stlth    +.........             (no amulet)
Regen    0.0/turn               l - +4 ring of protection
MPRegen  0.2/turn               e - ring of protection from fire

@: rotting
A: rotting body, claws 1, carnivore 3, cold resistance 1, negative energy
resistance 3, inhibited regeneration, torment resistance, unbreathing
a: Renounce Religion


You were on level 8 of the Dungeon.
You worshipped Makhleb.
Makhleb was aware of your devotion.
You were hungry.

You visited 2 branches of the dungeon, and saw 9 of its levels.

You collected 383 gold pieces.

Inventory:

Missiles
 j - a throwing net (quivered)
Armour
 a - a +0 pair of gloves (worn)
 n - a scarf of cold resistance
 r - a +0 ring mail (worn)
 x - a +0 helmet (worn)
 y - a +2 cloak (worn)
Magical Staves
 b - an uncursed staff of power
Jewellery
 e - a ring of protection from fire (left hand)
 l - a +4 ring of protection (right hand)
Wands
 f - a wand of random effects (36/48)
 k - a wand of paralysis (7/24)
 m - a wand of clouds (4/9)
 w - a wand of polymorph (8/24)
Scrolls
 i - a scroll of brand weapon {unknown}
 q - a scroll of remove curse
 s - 4 scrolls of teleportation
 v - a scroll of fear
 C - a scroll of fog
Potions
 c - 2 potions of brilliance
 g - a potion of mutation
 h - a potion of agility {unknown}
 t - a potion of lignification
 u - 4 potions of flight
 z - a potion of magic
 B - 2 potions of invisibility
Comestibles
 d - 4 meat rations
 p - a royal jelly


   Skills:
 + Level 6.1 Fighting
 - Level 1.7 Throwing
 + Level 4.7 Armour
 + Level 5.7 Dodging
 + Level 9.7 Unarmed Combat


You had 8 spell levels left.
You didn't know any spells.

Dungeon Overview and Level Annotations

Branches:
Dungeon (8/15)             Temple (1/1) D:5
   Lair: D:8-11

Altars:
Ashenzari
Cheibriados
Dithmenos
Elyvilon
Fedhas
Gozag
Hepliaklqana
Kikubaaqudgha
Makhleb
Nemelex Xobeh
Okawaru
Qazlal
Ru
Sif Muna
Trog
Uskayaw
Vehumet
Wu Jian
Xom
Yredelemnul
Zin
The Shining One

Shops:
D:5 *

Annotations:
D:7 Laan's ghost, novice FoFi


Innate Abilities, Weirdness & Mutations

Your body is rotting away.
You thrive on raw meat.
You are immune to poison.
You have sharp fingernails.
You are carnivorous and can eat meat at any time.
Your flesh is cold resistant. (rC+)
You are immune to negative energy. (rN+++)
You do not regenerate when monsters are visible.
You are immune to unholy pain and torment.
You can survive without breathing.


Message History

You are too injured to fight recklessly!
You are too injured to fight recklessly!
You are too injured to fight recklessly!
You closely miss the orc warrior.
The orc warrior is lightly wounded.
You closely miss the orc warrior.
The orc warrior is lightly wounded.
The orc warrior hits you with a war axe!
* * * LOW HITPOINT WARNING * * *
The orc priest begins to cast a cantrip, but forgets the words!
You feel your flesh rotting away.
The orc priest calls down the wrath of Beogh upon you.
Beogh smites you!
* * * LOW HITPOINT WARNING * * *
You see here a fruit.
A bullfrog comes into view.
The bullfrog croaks.
There is a stone staircase leading up here.
The orc warrior hits you with a war axe!
You die...

#%# #.# #.# #.# #.# #.#
#.# #.# #.# #.#
#.###########.####
#.###.............##.#
#.##...#############.##
#.##...##....(........#
#.##...##.##########.##
#.##...##.#.oFo@...#.#
##.##...##.#.########.####
..............o.%o.......#
.#.##...##.#.########.##.#
.#.##...##.#...# #.##.#
##.##...##.###.# #.##o#
............ #.# #.##.#
##.#######.# #.######.##o#
....... ..# #........##.#


You could see an orc warrior, a bullfrog and an orc.

Vanquished Creatures
  Grinder (D:3)
  A hornet (D:8)
  Duvessa (D:7)
  A water moccasin (D:8)
  An ice beast (D:5)
  2 sky beasts (D:6)
  2 ogres
  A centaur (D:7)
  3 bullfrogs (D:6)
  Dowan (D:7)
  2 scorpions
  3 wights (D:7)
  3 bullfrog zombies
  3 crimson imps
  2 hounds (D:8)
  An orc priest (D:6)
  2 centaur skeletons
  A bullfrog skeleton (D:4)
  A jelly (D:5)
  Natasha (thrice) (D:4)
  2 iguanas
  4 orc wizards
  2 worker ants
  A worker ant zombie (D:5)
  Robin (D:4)
  7 adders
  3 gnolls (D:2)
  A shadow imp (D:6)
  An ooze (D:1)
  A dart slug (D:2)
  2 worms
  5 leopard geckos
  21 orcs
  4 ball pythons
  4 giant cockroaches
  20 goblins
  11 hobgoblins
  2 jackals (D:2)
  6 quokkas
  7 bats
  2 frilled lizards
  A giant cockroach zombie (D:6)
  6 kobolds (D:2)
  3 rats
152 creatures vanquished.

Notes
Turn   | Place    | Note
-------+----------+-------------------------------------------
     0 | D:1      | Minion the Ghoul Gladiator began the quest for the Orb.
     0 | D:1      | Reached XP level 1. HP: 17/17 MP: 0/0
    53 | D:1      | Reached XP level 2. HP: 18/24 MP: 1/1
   158 | D:1      | Reached skill level 4 in Unarmed Combat
   494 | D:1      | Reached XP level 3. HP: 29/29 MP: 2/2
   760 | D:2      | Reached skill level 5 in Unarmed Combat
   765 | D:2      | Reached XP level 4. HP: 26/36 MP: 3/3
  1784 | D:3      | Noticed Grinder
  1788 | D:3      | Reached skill level 6 in Unarmed Combat
  1794 | D:3      | Paralysed by Grinder for 5 turns
  1817 | D:3      | Killed Grinder
  1817 | D:3      | Reached skill level 7 in Unarmed Combat
  1817 | D:3      | Reached XP level 5. HP: 23/41 MP: 4/4
  1817 | D:3      | Reached XP level 6. HP: 27/48 MP: 5/5
  2553 | D:4      | Noticed Robin
  2761 | D:4      | Killed Robin
  2822 | D:4      | Noticed Natasha
  2828 | D:4      | Killed Natasha
  3012 | D:4      | Noticed Natasha
  3018 | D:4      | Killed Natasha
  3018 | D:4      | Reached skill level 1 in Armour
  3018 | D:4      | Reached XP level 7. HP: 52/56 MP: 6/6
  3032 | D:4      | Noticed Natasha
  3042 | D:4      | Killed Natasha
  3273 | D:4      | Reached skill level 8 in Unarmed Combat
  3809 | D:5      | Entered Level 5 of the Dungeon
  3918 | D:5      | Found Ufuheff's Assorted Antiques.
  3970 | D:5      | Found a staircase to the Ecumenical Temple.
  3979 | Temple   | Entered the Ecumenical Temple
  4068 | Temple   | Became a worshipper of Makhleb the Destroyer
  4093 | D:5      | Found a hide-covered altar of Uskayaw.
  4628 | D:6      | Reached XP level 8. HP: 57/65 MP: 7/7
  4634 | D:6      | Found a white marble altar of Elyvilon.
  5118 | D:7      | Noticed Laan's ghost (novice FoFi)
  5934 | D:7      | Found a hazy altar of Hepliaklqana.
  5967 | D:7      | Reached skill level 5 in Fighting
  6033 | D:7      | Reached skill level 9 in Unarmed Combat
  6091 | D:7      | Noticed Duvessa
  6091 | D:7      | Noticed Dowan
  6101 | D:7      | Killed Duvessa
  6107 | D:7      | Killed Dowan
  6107 | D:7      | Reached skill level 5 in Dodging
  6184 | D:6      | Reached XP level 9. HP: 17/74 MP: 8/8
  6942 | D:8      | Reached * piety under Makhleb
  7042 | D:8      | Noticed a hornet
  7068 | D:8      | Killed a hornet
  7697 | D:8      | Mangled by an orc warrior

Vault maps used:
D:1:      lightli_arrival_maybe_door_vault
D:2:      grunt_ministairs_7
D:3:      uniq_grinder
D:4:      uniq_natasha, uniq_robin
D:5:      minmay_temple_entry_statues_pillars, basic_altar, serial_shops,
          nicolae_shop_overgrown_old_shop, first_bread
D:6:      elyvilon_altar_5
D:7:      overflow_temple_1_default, serial_shops, shop, uniq_duvessa
D:8:      grunt_ogre_cave
Temple:   nicolae_temple_the_god_donut

Skill      XL: |  1  2  3  4  5  6  7  8  9 |
---------------+----------------------------+-----
Unarmed Combat | 4 5 7 8 9 |  9.7
Dodging        | 3 4 5 |  5.7
Armour         | 1 2 3 4 |  4.7
Fighting       | 4 5 6 |  6.1
Throwing       | |  1.7

Action                   |  1- 3 |  4- 6 |  7- 9 || total
-------------------------+-------+-------+-------++-------
Melee: Unarmed           |    75 |   162 |   393 ||   630
       Punch             |     2 |     6 |    16 ||    24
Evoke: Wand              |       |       |     5 ||     5
  Use: Scroll            |       |       |    16 ||    16
       Potion            |       |       |     2 ||     2
 Stab: Paralysed         |       |       |     4 ||     4
  Eat: Chunk             |     3 |     8 |    12 ||    23
Armor: Leather armour    |    22 |     3 |       ||    25
       Ring mail         |       |    60 |   126 ||   186
Dodge: Dodged            |    44 |   107 |   213 ||   364
